 Dungeon Crawl Stone Soup version 0.27-a0-40-g5f2be0e231 (webtiles) character file.

Game seed: 2730865709094482066

13 jestyr24 the Stinger (level 2, -4/19 HPs)
             Began as a Merfolk Venom Mage on Jan 6, 2021.
             Slain by a worm (12 damage)
             ... on level 2 of the Dungeon.
             The game lasted 00:05:09 (1310 turns).

jestyr24 the Stinger (Merfolk Venom Mage)           Turns: 1310, Time: 00:05:10

Health: -4/19      AC:  2    Str:  8    XL:     2   Next: 37%
Magic:  3/5        EV: 13    Int: 14    God:
Gold:   82         SH:  0    Dex: 14    Spells: 4/5 levels left

rFire    . . .     SeeInvis .   c - +0 whip (elec)
rCold    . . .     Faith    .   (no shield)
rNeg     . . .     Spirit   .   a - +0 robe
rPois    .         Reflect  .   (no helmet)
rElec    .         Harm     .   i - scarf {shadows}
rCorr    .         Rampage  .   (no gloves)
Will     .....                  (no boots)
Stlth    ++........             (no amulet)
HPRegen  0.06/turn              (no ring)
MPRegen  0.09/turn              (no ring)

@: no status effects
A: change form in water, swift swim, stealthy swim
a: no special abilities


You were on level 2 of the Dungeon.
You visited 1 branch of the dungeon, and saw 2 of its levels.

You collected 82 gold pieces.

Inventory:

Hand Weapons
 c - a +0 whip of electrocution (weapon)
Armour
 a - a +0 robe (worn)
 i - a scarf of shadows (worn)
Jewellery
 k - a +4 ring of protection {unknown}
Scrolls
 b - a scroll of identify {unknown}
 d - a scroll of enchant armour {unknown}
 f - a scroll of magic mapping {unknown}
 h - a scroll of remove curse {unknown}
Potions
 e - a potion of haste {unknown}
 g - a potion of curing {unknown}
 j - a potion of degeneration {unknown}


   Skills:
 * Level 0.2 Fighting
 + Level 2.9 Dodging
 + Level 2.4 Stealth
 + Level 2.2 Spellcasting
 + Level 1.4 Transmutations
 + Level 3.6 Poison Magic


You had 4 spell levels left.
You knew the following spells:

 Your Spells              Type           Power        Failure   Level
a - Sting                 Tmut/Pois      16%          9%          1

Your spell library contained the following spells:

 Spells                   Type           Power        Failure   Level
 Poisonous Vapours        Pois/Air       6%           17%         2
 Ignite Poison            Fire/Tmut/Pois 3%           34%         3
 Mephitic Cloud           Conj/Pois/Air  2%           38%         3
 Olgreb's Toxic Radiance  Pois           5%           47%         4


Dungeon Overview and Level Annotations

Branches:
Dungeon (2/15)

Altars:


Message History

Confirm with . or Enter, or press ? or * to list all spells.
Aiming: Sting (safe; 9% risk of failure)
Press: ? - help, Shift-Dir - straight line, f - worm
Aim: a worm (12% to evade)
You feel a numb sensation.
The sting hits the worm.
The worm is poisoned.
The worm is lightly wounded.
The worm bites you!
Ouch! That really hurt!
Casting: Sting (safe; 9% risk of failure)
Confirm with . or Enter, or press ? or * to list all spells.
Aiming: Sting (safe; 9% risk of failure)
Press: ? - help, Shift-Dir - straight line, f/p - worm
Aim: a worm (lightly wounded, poisoned, 12% to evade)
You feel a numb sensation.
The sting hits the worm.
The worm looks even sicker.
The worm is lightly wounded.
You barely miss the worm.
The worm is lightly wounded.
The worm bites you!
Ouch! That really hurt!
You die...

#......†.........
#.....#..........
#....##.>.......)
#....##..##.###..
#....##..# .# #
#....##.# #.#
####.##+#...
#........
#.@w....#
#........
#.......#
#.......#
#.#####.. #.# .
#.


You could see a worm (very poisoned).

Vanquished Creatures
  A leopard gecko (D:1)
  2 goblins (D:1)
  A hobgoblin (D:1)
  A bat (D:1)
  3 frilled lizards (D:1)
  3 kobolds
  2 rats
13 creatures vanquished.

Notes
Turn   | Place    | Note
-------+----------+-------------------------------------------
     0 | D:1      | jestyr24 the Merfolk Venom Mage began the quest for the
                  | Orb.
     0 | D:1      | Reached XP level 1. HP: 13/13 MP: 3/3
   476 | D:1      | Reached XP level 2. HP: 19/19 MP: 1/5
  1310 | D:2      | Slain by a worm

Illustrated notes

Levels and vault maps discovered:
D:1:      eino_arrival_water_star, layout_loops_corners, minmay_distorted
D:2:      layout_basic

Action                   || total
-------------------------++-------
Melee: Whip              ||    21
 Cast: Sting             ||    17
 Stab: Sleeping          ||     3
Armor: Robe              ||     2
Dodge: Dodged            ||    20

Table legend: (Time is in decaauts)
 A = Elapsed time spent in this place.
 B = Non-inter-level travel time spent in this place.
 C = Inter-level travel time spent in this place.
 D = Time resting spent in this place.
 E = Time spent auto-exploring this place.
 F = Levels seen in this place.
 G = Mean time per level.
                   A        B        C        D        E       F      G
               +--------+--------+--------+--------+--------+-----+--------+
         Total |   1305 |   1249 |     56 |    216 |    778 |   2 |  652.5 |
       Dungeon |   1305 |   1249 |     56 |    216 |    778 |   2 |  652.5 |
               +--------+--------+--------+--------+--------+-----+--------+

Top non-repeatable levels by time:
     D:1: 1197 daAuts
     D:2: 107 daAuts
